 Dungeon Crawl Stone Soup version 0.30-a0-571-gdf30a72648 (webtiles) character file.

Game seed: 12699130366640350730

6925 Newt the Skirmisher (level 11, -2/51 HPs)
             Began as a Kobold Hunter on Dec 29, 2022.
             Was a Believer of Hepliaklqana.
             Shot with an arrow by a centaur (8 damage)
             ... while paralysed by a centaur
             ... on level 8 of the Dungeon.
             The game lasted 00:13:08 (8168 turns).

Newt the Skirmisher (Kobold Hunter)                 Turns: 8168, Time: 00:13:09

Health: -2/51      AC: 10    Str: 14    XL:     11   Next: 27%
Magic:  20/20      EV:  3    Int: 11    God:    Hepliaklqana [**....]
Gold:   351        SH:  0    Dex: 39    Spells: 22/22 levels left

rFire   + . .      SeeInvis .    q - +0 arbalest
rCold   . . .      Faith    .    (shield currently unavailable)
rNeg    . . .      Spirit   .    G - +2 steam dragon scales
rPois   .          Reflect  +    (no helmet)
rElec   +          Harm     .    j - +1 cloak
rCorr   .          Rampage  .    (no gloves)
Will    .....                    (no boots)
Stlth   +++++                    w - amulet of reflection
HPRegen 1.08/turn                s - +6 ring of dexterity
MPRegen 0.17/turn                H - ring "Moxas" {Drain rElec Str+6 Dex+10}

@: paralysed
A: reduced essence, small, no large weapons, nightstalker 3, fire resistance 1,
frail 1, regeneration 1
a: Renounce Religion, Recall Ancestor, Ancestor Identity


You were on level 8 of the Dungeon.
You worshipped Hepliaklqana.
Hepliaklqana was pleased with you.
You visited 2 branches of the dungeon, and saw 9 of its levels.
You also visited: Sewer.

You collected 351 gold pieces.

Inventory:

Hand Weapons
 a - a +0 shortbow
 q - a +0 arbalest (weapon)
Missiles
 r - a throwing net
Armour
 c - a +0 leather armour
 j - a +1 cloak (worn)
 G - +2 steam dragon scales (worn)
Jewellery
 e - a ring of protection from cold
 m - a ring of positive energy
 s - a +6 ring of dexterity (left hand)
 v - a ring of poison resistance
 w - an amulet of reflection (around neck)
 y - a ring of ice
 H - the ring "Moxas" (right hand) {Drain rElec Str+6 Dex+10}
   (You took it off a kobold brigand on level 7 of the Dungeon)

   [ring of strength]

   Str:       It affects your strength (+6).
   Dex:       It affects your dexterity (+10).
   rElec:     It insulates you from electricity.
   Drain:     It drains your maximum health when unequipped.
 I - an amulet of magic regeneration
Wands
 o - a wand of flame (44)
 t - a wand of paralysis (4)
 E - a wand of roots (5)
 F - a wand of mindburst (15)
Scrolls
 b - 3 scrolls of immolation
 p - 4 scrolls of teleportation
 x - 2 scrolls of blinking
 A - 3 scrolls of vulnerability
 B - 2 scrolls of poison
 D - a scroll of amnesia
 J - a scroll of enchant armour
 K - a scroll of identify
Potions
 d - 2 potions of attraction
 f - 6 potions of curing
 g - 2 potions of heal wounds
 h - a potion of might
 i - a potion of degeneration
 k - 2 potions of berserk rage
 l - a potion of mutation
 n - 2 potions of flight {unknown}
 u - 2 potions of brilliance {unknown}
 z - 2 potions of haste {unknown}
 C - 3 potions of lignification {unknown}


   Skills:
 - Level 6.0 Fighting
 + Level 13.5 Ranged Weapons
 - Level 4.0 Armour
 - Level 8.0 Dodging
 - Level 3.0 Stealth
 - Level 6.4 Spellcasting
 - Level 8.0 Evocations


You had 22 spell levels left.
You didn't know any spells.
Your spell library contained the following spells:

 Spells                   Type           Power      Damage    Failure   Level
 Blink                    Tloc           6%         N/A       28%         2
 Momentum Strike          Conj/Tloc      6%         3d8       28%         2
 Lesser Beckoning         Tloc           6%         N/A       50%         3


Dungeon Overview and Level Annotations

Branches:
Dungeon (8/15)             Temple (1/1) D:5            Lair (0/5) D:8
  Sewer (visited)

Altars:
Ashenzari
Cheibriados
Dithmenos
Elyvilon
Fedhas
Gozag
Hepliaklqana
Kikubaaqudgha
Makhleb
Nemelex Xobeh
Okawaru
Qazlal
Ru
Sif Muna
Trog
Uskayaw
Vehumet
Xom
Yredelemnul
Zin
The Shining One

Shops:
D:3 :

Annotations:
D:7 2 runed translucent doors
D:8 1 transporter, exclusion: oklob plant, lotum's ghost, novice MeEE


Innate Abilities, Weirdness & Mutations

Your life essence is reduced to manifest your ancestor. (-10% HP)
You are small and have problems with some larger weapons.
You are completely attuned to the shadows.
Your flesh is heat resistant. (rF+)
You are frail. (-10% HP)
Your natural rate of healing is unusually fast.


Message History

The splash of acid hits Iltani!!
Iltani is destroyed!
You shoot a bolt.
The bolt hits the steam dragon but does no damage.
The steam dragon is almost dead.
The steam dragon bites you. The steam dragon barely misses you.
You shoot a bolt. The bolt hits the steam dragon!!
You kill the steam dragon!
The steam dragon scales are intact enough to wear.
You block the centaur's attack. The centaur misses you.
You shoot a bolt. The bolt hits the centaur!
The centaur is heavily wounded.
The centaur barely misses you.
The centaur kicks you but does no damage.
You block the centaur's attack. The centaur misses you.
You shoot a bolt. The bolt hits the centaur!!
You kill the centaur!
The centaur wields a +0 shortbow.
The centaur shoots an arrow.
The arrow hits you!
The centaur shoots an arrow.
The arrow hits you!
You shoot a bolt. The bolt hits the centaur!
The centaur is heavily wounded.
The centaur shoots an arrow.
The arrow hits you. The oklob plant spits acid at you.
The splash of acid hits you.
You are too injured to fight recklessly!
Okay, then.
Fire: q) +0 arbalest
Press: ? - help, Q - select action, (/) - cycle Shift-Dir - straight line, f/p - centaur
Aim: a centaur, wielding a +0 shortbow, wearing the ring "Zudui" {rF+ Slay+5} and carrying a wand of paralysis (11) (heavily wounded, 81% to hit)
You shoot a bolt. The bolt hits the centaur.
The centaur is severely wounded.
The centaur shoots an arrow.
The arrow hits you!
* * * LOW HITPOINT WARNING * * *
The centaur zaps a wand.
You suddenly lose the ability to move!
The howler monkey hits you.
* * * LOW HITPOINT WARNING * * *
The centaur shoots an arrow.
The arrow barely misses you.
The howler monkey hoots and howls with incredible vigour!
The centaur shoots an arrow.
The arrow hits you!
You die...

#P...).#..)).....##..#####...##..
#.....#.#.######.#..##..y##......
..........######...##.###D##..#..
P.P..##.###.......##.....c.##....
.....#...##.###..##8~... ~8##...
P.P.##...##.##..##~~#. .#..##..
..####...##.#..##c... ....##. ###
#...##.#..#)#~.# .#.#. #
#...##...©#@#..# W#©#©
######...##....#h#?.. .#.#.
...............##..~. ....##.
.........<......##..#. .#~.##..
......(..........##P~ D..~8##...
######...#######..##~.~.~..##..#.
#...# #...##.###.##..### #.#.#
#....##...##..## # ###...#
#.....#####..## #


You could see an oklob plant, a centaur and a howler monkey (catching breath).

Vanquished Creatures
  2 two-headed ogres (D:8)
  An ugly thing (D:7)
  Grinder (D:3)
  A troll (D:7)
  A wraith (D:7)
  A yak (D:7)
  2 steam dragons
  An acid dragon (D:7)
  3 orc warriors
  2 water moccasins
  A sky beast (D:6)
  A black bear (D:8)
  An ice beast (D:5)
  3 centaurs (D:8)
  4 kobold brigands
  3 bullfrogs
  A necrophage (D:8)
  4 scorpions
  3 wights (D:8)
  7 killer bees (D:8)
  2 howler monkeys
  4 hounds
  A jelly (D:6)
  3 orc priests
  Ijyb (D:3)
  3 iguanas
  3 orc wizards
  A hell rat (Sewer)
  Terence (D:3)
  Robin (D:2)
  10 adders
  3 river rats (Sewer)
  A shadow imp (D:7)
  2 ufetubi (D:5)
  4 worms
  A dart slug (D:3)
  26 orcs
  12 ball pythons
  3 bats
  3 endoplasms
  7 giant cockroaches
  17 goblins
  10 hobgoblins
  12 jackals
  11 kobolds
  4 quokkas
  3 frilled lizards
  12 rats
204 creatures vanquished.

Vanquished Creatures (collateral kills)
  A catoblepas (D:8)
  A water moccasin (D:8)
  2 orc warriors
  3 bullfrogs
  2 wights (D:8)
  An iguana (D:7)
  An orc wizard (D:8)
  4 orcs
  3 kobolds (D:8)
18 creatures vanquished.

Vanquished Creatures (others)
  2 knights (D:8)
  6 ancestors
  7 fungi (D:8)
  30 plants
45 creatures vanquished.

Grand Total: 267 creatures vanquished

Notes
Turn   | Place    | Note
-------+----------+-------------------------------------------
     0 | D:1      | Newt the Kobold Hunter began the quest for the Orb.
     0 | D:1      | Reached XP level 1. HP: 12/12 MP: 1/1
    82 | D:1      | Reached XP level 2. HP: 17/17 MP: 1/3
   112 | D:1      | Reached skill level 1 in Spellcasting
   340 | D:1      | Reached XP level 3. HP: 21/21 MP: 5/5
  1107 | D:2      | Reached XP level 4. HP: 22/26 MP: 7/7
  1496 | D:2      | Found a faded altar of an unknown god.
  2012 | D:3      | Noticed Robin
  2061 | D:2      | Killed Robin
  2062 | D:2      | Reached XP level 5. HP: 18/30 MP: 10/10
  2217 | D:3      | Noticed Grinder
  2406 | D:3      | Found Ygomyb's Vocational Training.
  2457 | D:3      | Noticed Terence
  2468 | D:3      | Killed Terence
  2592 | D:3      | Found the +5 woodcutter's axe
  2728 | D:3      | Noticed Ijyb
  2730 | D:3      | Paralysed by Ijyb for 5 turns
  2737 | D:3      | Paralysed by Ijyb for 3 turns
  2742 | D:3      | Killed Ijyb
  2811 | D:3      | Reached skill level 5 in Spellcasting
  2811 | D:3      | Reached XP level 6. HP: 22/35 MP: 13/13
  2962 | D:3      | Killed Grinder
  2963 | D:3      | Reached XP level 7. HP: 31/40 MP: 13/16
  3252 | D:4      | Reached skill level 6 in Ranged Weapons
  3325 | D:4      | Found a shimmering altar of Xom.
  3591 | D:4      | Reached skill level 7 in Ranged Weapons
  3656 | D:4      | Found a glowing drain.
  3663 | Sewer    | Entered a sewer
  4012 | D:4      | Found a shimmering blue altar of Sif Muna.
  4014 | D:4      | Found a burning altar of Makhleb.
  4075 | D:5      | Entered Level 5 of the Dungeon
  4188 | D:5      | Gained mutation: Your mind is acute. (Int +4, Str/Dex -1)
                  | [potion of mutation]
  4188 | D:5      | Gained mutation: You are somewhat resistant to further
                  | mutation. [potion of mutation]
  4195 | D:5      | Reached XP level 8. HP: 32/48 MP: 17/17
  4195 | D:5      | Lost mutation: Your mind is acute. (Int +4, Str/Dex -1)
                  | [potion of mutation]
  4195 | D:5      | Lost mutation: You are somewhat resistant to further
                  | mutation. [potion of mutation]
  4195 | D:5      | Gained mutation: Your spells are a little harder to cast,
                  | but a little more powerful. [potion of mutation]
  4195 | D:5      | Gained mutation: You occasionally shout uncontrollably at
                  | your foes. [potion of mutation]
  4196 | D:5      | Lost mutation: You occasionally shout uncontrollably at
                  | your foes. [potion of mutation]
  4196 | D:5      | Lost mutation: Your spells are a little harder to cast, but
                  | a little more powerful. [potion of mutation]
  4196 | D:5      | Gained mutation: You are frail. (-10% HP) [potion of
                  | mutation]
  4196 | D:5      | Gained mutation: Your flesh is heat resistant. (rF+)
                  | [potion of mutation]
  4196 | D:5      | Gained mutation: Your natural rate of healing is unusually
                  | fast. [potion of mutation]
  4314 | D:5      | Found a staircase to the Ecumenical Temple.
  4338 | D:5      | Found a hide-covered altar of Uskayaw.
  4356 | Temple   | Entered the Ecumenical Temple
  4624 | Temple   | Became a worshipper of Hepliaklqana the Forgotten
  5172 | D:5      | Identified the +1 whip of Athrep {freeze, rC+ rCorr}
  5377 | D:6      | Reached * piety under Hepliaklqana
  5485 | D:6      | Reached skill level 5 in Dodging
  5491 | D:6      | Reached skill level 1 in Evocations
  5882 | D:6      | Reached skill level 8 in Ranged Weapons
  5937 | D:6      | Reached XP level 9. HP: 41/41 MP: 18/18
  6487 | D:7      | Found a large runed translucent door.
  6487 | D:7      | Found a large runed translucent door.
  6502 | D:7      | Reached skill level 9 in Ranged Weapons
  6577 | D:7      | Noticed a red ugly thing
  6590 | D:7      | Reached skill level 10 in Ranged Weapons
  6606 | D:7      | Found a large runed translucent door.
  6615 | D:7      | Reached skill level 5 in Fighting
  6625 | D:7      | Found a large runed translucent door.
  6646 | D:7      | Noticed a troll
  6650 | D:7      | Reached skill level 1 in Armour
  6701 | D:7      | Killed a troll
  6748 | D:7      | Identified the ring "Moxas" {Drain rElec Str+6 Dex+10}
  7109 | D:7      | Reached XP level 10. HP: 48/48 MP: 19/19
  7113 | D:7      | Killed a red ugly thing
  7202 | D:8      | Noticed a two-headed ogre
  7218 | D:8      | Killed a two-headed ogre
  7273 | D:8      | Reached ** piety under Hepliaklqana
  7274 | D:8      | Remembered your ancestor Iltani as a knight
  7481 | D:8      | Noticed an oklob plant
  7533 | D:8      | Found a sacrificial altar of Ru.
  7692 | D:8      | Found a sparkling altar of Nemelex Xobeh.
  7692 | D:8      | Found an opulent altar of Gozag.
  7733 | D:8      | Found a staircase to the Lair.
  7740 | D:8      | Reached skill level 11 in Ranged Weapons
  7858 | D:8      | Found a transporter.
  7861 | D:8      | Found a transporter.
  7908 | D:8      | Noticed a two-headed ogre
  7908 | D:8      | Identified the ring "Zudui" {rF+ Slay+5}
  7910 | D:8      | Noticed a catoblepas
  7912 | D:8      | Noticed lotum's ghost (novice MeEE)
  7916 | D:8      | Reached XP level 11. HP: 51/51 MP: 20/20
  7916 | D:8      | Killed a two-headed ogre
  7917 | D:8      | Reached skill level 12 in Ranged Weapons
  7921 | D:8      | Killed a catoblepas
  7922 | D:8      | Reached skill level 13 in Ranged Weapons
  8167 | D:8      | Paralysed by a centaur for 5 turns
  8168 | D:8      | Shot with an arrow by a centaur

Illustrated notes

Levels and vault maps discovered:
D:1:      wander_arrival_lonely_grave, layout_loops_ring, serial_bayou_pond_c,
          grunt_decor_one_mirror, minmay_cut_off
D:2:      layout_basic, hellmonk_ecumenical_altar_zigzags, minmay_heptomino_d4
D:3:      layout_rooms, serial_bayou_ford_a, nicolae_shop_vocational,
          uniq_terence, uniq_grinder, uniq_ijyb, uniq_robin
D:4:      layout_basic, minitemple, mainiacjoe_overflow_catwalk,
          cheibrodos_sewer_entry_bend, minmay_tree_intersection
D:5:      layout_basic, eat_drink_and_be_merry_uskayaw, temple_green,
          kennysheep_generic_room_9
D:6:      layout_loops_ring
D:7:      layout_rooms, minmay_large_rounded_square,
          minmay_hollow_rounded_squares
D:8:      layout_loops_cross, mainiacjoe_overflow_small_starburst,
          grunt_temple_overflow_opulence, grunt_lair_entry_orc_guard_hut,
          nzn_ghost_randoct, minmay_misc_feat_tiny
Temple:   dpeg_chambers_temple

Skill      XL: |  1  2  3  4  5  6  7  8  9 10 11 |
---------------+----------------------------------+-----
Stealth        | 2 3 |  3.0
Spellcasting   | 1 2 3 5 6 |  6.4
Ranged Weapons | 7 8 10 11 13 | 13.5
Fighting       | 4 6 |  6.0
Dodging        | 5 8 |  8.0
Evocations     | 4 8 |  8.0
Armour         | 4 |  4.0

Action                   |  1- 3 |  4- 6 |  7- 9 | 10-12 || total
-------------------------+-------+-------+-------+-------++-------
 Fire: Shortbow          |    65 |    87 |       |       ||   152
       Arbalest          |       |    53 |   262 |    95 ||   410
Invok: Ancestor Life: Kn |       |       |       |     1 ||     1
Evoke: Wand              |       |     2 |       |     2 ||     4
  Use: Scroll            |     2 |     3 |     9 |     4 ||    18
       Potion            |       |     1 |     4 |     1 ||     6
Armor: Leather armour    |    11 |    28 |    36 |       ||    75
       Steam dragon scal |       |       |       |    14 ||    14
Dodge: Dodged            |    22 |   105 |   139 |    84 ||   350
Block: Other             |       |       |    31 |    17 ||    48

Table legend: (Time is in decaauts)
 A = Elapsed time spent in this place.
 B = Non-inter-level travel time spent in this place.
 C = Inter-level travel time spent in this place.
 D = Time resting spent in this place.
 E = Time spent auto-exploring this place.
 F = Levels seen in this place.
 G = Mean time per level.
                   A        B        C        D        E       F      G
               +--------+--------+--------+--------+--------+-----+--------+
         Total |   8466 |   8160 |    306 |    997 |   5621 |  10 |  846.6 |
       Dungeon |   7995 |   7725 |    270 |    929 |   5313 |   8 |  999.4 |
        Temple |    281 |    246 |     35 |      0 |    231 |   1 |  281.0 |
         Sewer |    189 |    189 |      0 |     68 |     76 |   1 |  189.0 |
               +--------+--------+--------+--------+--------+-----+--------+

Top non-repeatable levels by time:
     D:2: 1557 daAuts
     D:6: 1088 daAuts
     D:8: 1042 daAuts
     D:5: 998 daAuts
     D:3: 906 daAuts
     D:1: 886 daAuts
     D:7: 817 daAuts
     D:4: 697 daAuts
  Temple: 281 daAuts
   Sewer: 189 daAuts
